 Dungeon Crawl Stone Soup version 0.32-a0-871-ge202e49 (webtiles) character file.

Game seed: 6638841065667416975

73 Meow the Conjurer (level 4, 36/36 HPs)
             Began as a Naga Conjurer on Mar 25, 2024.
             Quit the game on level 3 of the Dungeon on Mar 29, 2024.
             The game lasted 00:06:05 (1232 turns).

Meow the Conjurer (Naga Conjurer)                   Turns: 1232, Time: 00:06:06

Health: 36/36      AC:  2    Str: 15    XL:     4   Next: 27%
Magic:  3/8        EV:  8    Int: 20    God:
Gold:   201        SH:  0    Dex: 10    Spells: 6/9 levels left

rFire   + . .        a - +0 sling
rCold   . . .        (no shield)
rNeg    . . .        c - +0 robe
rPois   +            (no helmet)
rElec   .            (no cloak)
rCorr   .            (no gloves)
SInv    +            (no barding)
Will    .....        (no amulet)
Stlth   ++           i - ring of protection from fire
HPRegen 0.26/turn    d - +6 ring of strength
MPRegen 0.11/turn

%: no passive effects
@: very slow
A: AC +1, large, see invisible, deformed body, poison resistance, slowness 2,
spit poison 1, naga tail 1
a: Spit Poison


You were on level 3 of the Dungeon.
You visited 1 branch of the dungeon, and saw 3 of its levels.

You collected 201 gold pieces.

Inventory:

Hand Weapons
 a - a +0 sling (weapon)
 k - a +0 dagger
 o - a +0 sling
Missiles
 m - 2 atropa-tipped darts
Armour
 c - a +0 robe (worn)
Magical Staves
 r - a staff of earth
Jewellery
 d - a +6 ring of strength (right hand)
 f - a ring of flight
 i - a ring of protection from fire (left hand)
Scrolls
 e - a scroll of enchant armour
 g - a scroll of revelation
 p - a scroll of amnesia {unknown}
 q - a scroll of teleportation {unknown}
 s - a scroll of fear {unknown}
Potions
 b - 3 potions of magic
 h - a potion of resistance {unknown}
 j - a potion of invisibility {unknown}
 l - a potion of lignification {unknown}
 n - a potion of attraction {unknown}


   Skills:
 - Level 1.5 Dodging
 - Level 3.0 Stealth
 + Level 3.2 Spellcasting
 + Level 4.9 Conjurations


You had 6 spell levels left.
You knew the following spells:

 Your Spells              Type           Power      Damage    Failure   Level
a - Magic Dart            Conj           88%        1d7       1%          1
b - Searing Ray           Conj           44%        2d6       2%          2

Your spell library contained the following spells:

 Spells                   Type           Power      Damage    Failure   Level
 Sandblast                Erth           6%         2d5       14%         1
 Passwall                 Erth           3%         N/A       38%         3
 Brom's Barrelling Bould  Conj/Erth      13%        2d4       45%         4
 Fulminant Prism          Conj/Alch      6%         3d7       45%         4
 Iskenderun's Mystic Bla Conj/Tloc 13%            2d5        (+2d2     45%         4
 Petrify                  Alch/Erth      3%         N/A       80%         4


Dungeon Overview and Level Annotations

Branches:
Dungeon (3/15)

Altars:


Innate Abilities, Weirdness & Mutations

Your serpentine skin is tough. (AC +1)
You have supernaturally acute eyesight. (SInv)
Armour fits poorly on your strangely shaped body.
Your system is resistant to poisons. (rPois)
You cover ground very slowly.
You can spit poison.
You have a snake-like lower body.


Message History

Unknown command.
Okay, then.
Unknown command.
A gnoll comes into view. It is wielding a +0 spear.
A nearby plant withers and dies.
Cast which spell? (? or * to list)
You can't see any susceptible monsters within range! (Use Z to cast anyway.)
You have got your breath back. 2 gnolls come into view.
A gnoll is wielding a +2 spear of freezing.
The gnoll shouts!
Something hits the plant.
The plant begins to die.
You see here a quokka corpse.
Aiming: Spit Poison (2% risk of failure)
Press: ? - help, Shift-Dir - straight line, f - gnoll
Aim: a gnoll, wielding a +2 spear of freezing (65% to hit)
The splash of poison hits the gnoll.
The gnoll is moderately wounded.
Unknown command.
Cast which spell? (? or * to list)
You don't know that spell.
Cast which spell? (? or * to list)
Aiming: Searing Ray (safe; 3% risk of failure)
Press: ? - help, Shift-Dir - straight line, f/p - gnoll
Aim: a gnoll, wielding a +2 spear of freezing (moderately wounded, 81% to hit)
The searing ray hits the gnoll!
The gnoll is almost dead. (Press . to maintain the ray.)
You have got your breath back.
You hear a shout!
The searing ray hits the gnoll!
You kill the gnoll!
The searing ray hits the gnoll!
The gnoll is severely wounded.
You have reached level 4!
You feel agile.
The searing ray hits the gnoll!
You kill the gnoll!
Unknown command.
Are you sure you want to abandon this character and quit the game? (Confirm with "yes".)

P.g........ ....
....#...♣ ♣..#####
#.##!....♣ ♣.#...#
#....†...♣ ♣.....##
#######.#.♣ ♣....<..
#......)#.♣ ♣.#.....
#.....).#.♣♣♣♣♣.#...#.
#......###.♣♣...###.#.
#....@.###....#.###.#.
####.........##.#.....
#.#########........
#.# #..#.#.#. #.#
#..#..... ###
##...#... #...###.
#....... #.......


There were no monsters in sight!

Vanquished Creatures
  2 gnolls (D:3)
  An adder (D:2)
  4 dart slugs
  A ribbon worm (D:2)
  3 bats
  2 endoplasms
  3 giant cockroaches
  3 goblins
  4 hobgoblins
  3 quokkas
  3 ball pythons (D:2)
  2 kobolds (D:2)
31 creatures vanquished.

Notes
Turn   | Place    | Note
-------+----------+-------------------------------------------
     0 | D:1      | Meow the Naga Conjurer began the quest for the Orb.
     0 | D:1      | Reached XP level 1. HP: 15/15 MP: 3/3
   270 | D:1      | Reached XP level 2. HP: 22/22 MP: 3/5
   273 | D:1      | Learned a level 2 spell: Searing Ray
   811 | D:2      | Reached XP level 3. HP: 22/28 MP: 7/7
   942 | D:2      | Got Waedah's Elucidation of the Tektite
  1150 | D:2      | Upgraded the game from 0.32-a0-834-geaf45d8 to
                  | 0.32-a0-871-ge202e49
  1182 | D:3      | Found a faded altar of an unknown god.
  1231 | D:3      | Reached XP level 4. HP: 36/36 MP: 4/8
  1232 | D:3      | Quit the game

Illustrated notes

Levels and vault maps discovered:
D:1:      eino_arrival_druids_welcome, layout_basic
D:2:      layout_rooms
D:3:      layout_basic, serial_shops, nicolae_shop_trees, gammafunk_ghost_icy,
          ebering_ecumenical_altar_webs, nrook_campfire, nicolae_grassy_gnolls,
          uniq_crazy_yiuf_cottage, uniq_grinder, uniq_sigmund

Skill      XL: |  1  2  3 |
---------------+----------+-----
Spellcasting   | 3 |  3.2
Dodging        | |  1.5
Stealth        | |  3.0
Conjurations   | |  4.9

Action                     |  1- 3 |  4- 6 || total
---------------------------+-------+-------++-------
   Fire: Sling             |     1 |       ||     1
   Cast: Magic Dart        |    20 |       ||    20
         Searing Ray       |     5 |       ||     5
Ability: Spit Poison       |    23 |       ||    23
    Use: Scroll            |     2 |       ||     2
 Armour: Robe              |     8 |       ||     8
  Dodge: Dodged            |     1 |       ||     1

Table legend: (Time is in decaauts)
 A = Elapsed time spent in this place.
 B = Non-inter-level travel time spent in this place.
 C = Inter-level travel time spent in this place.
 D = Time resting spent in this place.
 E = Time spent auto-exploring this place.
 F = Levels seen in this place.
 G = Mean time per level.
                   A        B        C        D        E       F      G
               +--------+--------+--------+--------+--------+-----+--------+
         Total |   1567 |   1521 |     46 |    268 |   1024 |   3 |  522.3 |
       Dungeon |   1567 |   1521 |     46 |    268 |   1024 |   3 |  522.3 |
               +--------+--------+--------+--------+--------+-----+--------+

Top non-repeatable levels by time:
     D:1: 789 daAuts
     D:2: 694 daAuts
     D:3: 83 daAuts
